 Dungeon Crawl Stone Soup version 0.25-a0-253-g6f1b5d974a (webtiles) character file.

Game seed: 3325052336754834246, levelgen mode: deterministic

52 Lanoc the Twirler (level 3, 0/25 HPs)
             Began as an Octopode Gladiator on Dec 5, 2019.
             Slain by a goblin
             ... wielding a +0 dagger
             ... led by Robin
              (3 damage)
             ... on level 2 of the Dungeon.
             The game lasted 00:01:38 (1020 turns).

Lanoc the Twirler (Octopode Gladiator)              Turns: 1020, Time: 00:01:38

Health: 0/25       AC:  1    Str: 13    XL:     3   Next: 85%
Magic:  3/3        EV: 14    Int: 15    God:
Gold:   50         SH:  0    Dex: 14    Spells: 2/2 levels left

rFire    . . .     SeeInvis .   a - +0 quarterstaff
rCold    . . .     Gourm    .   (shield currently unavailable)
rNeg     . . .     Faith    .   b - +0 hat
rPois    .         Spirit   .   (no amulet)
rElec    .         Reflect  .   (no ring)
rCorr    .         Harm     .   (no ring)
MR       .....                  (no ring)
Stlth    ++........             (no ring)
HPRegen  0.08/turn              (no ring)
MPRegen  0.08/turn              (no ring)
                                (no ring)
                                (no ring)

@: brilliant, flying
A: almost no armour, stealthy swim, amphibious, 8 rings, constrict 8, camouflage
1, gelatinous body 1
a: no special abilities


You were on level 2 of the Dungeon.
You were not hungry.

You visited 1 branch of the dungeon, and saw 2 of its levels.

You collected 50 gold pieces.

Inventory:

Hand Weapons
 a - a +0 quarterstaff (weapon)
Missiles
 c - 3 throwing nets (quivered)
Armour
 b - a +0 hat (worn)
Scrolls
 e - a scroll of blinking {unknown}
 j - a scroll of identify {unknown}
 l - a scroll of noise {unknown}
 m - a scroll of random uselessness {unknown}
 o - 2 scrolls of fear {unknown}
 p - a scroll of magic mapping {unknown}
Potions
 f - a potion of flight
 h - 2 potions of brilliance
 i - a potion of curing {unknown}
 k - 2 potions of invisibility {unknown}
 n - a potion of haste {unknown}
Comestibles
 d - 3 rations


   Skills:
 + Level 2.5 Fighting
 * Level 3.9 Staves
 - Level 2.0 Throwing
 + Level 3.4 Dodging


You had 2 spell levels left.
You didn't know any spells.
Your spell library was empty.

Dungeon Overview and Level Annotations

Branches:
Dungeon (2/15)

Altars:

Annotations:
D:2 Robin


Innate Abilities, Weirdness & Mutations

You cannot wear most types of armour.
You are very stealthy in the water. (Stealth+)
You are amphibious.
You can wear up to eight rings at the same time.
You can use your tentacles to constrict eight enemies at once.
Your skin changes colour to match your surroundings (Stealth+).
Your rubbery body absorbs attacks. (AC +1, EV +1)


Message History

The goblin hits you but does no damage. The jackal completely misses you.
It was a potion of flight.
You feel very buoyant.
You fly up into the air.
The hobgoblin no longer looks unusually strong.
The goblin closely misses you. The goblin hits you with a +0 dagger.
The jackal barely misses you.
It was a potion of brilliance.
You feel clever all of a sudden. The goblin hits you with a +0 dagger.
* * * LOW HITPOINT WARNING * * *
The goblin closely misses you. The jackal bites you.
* * * LOW HITPOINT WARNING * * *
The hobgoblin barely misses you.
A goblin comes into view. It is wielding a +0 club.
It was a potion of magic.
Magic courses through your body. The jackal closely misses you.
Robin laughs in a distinctly smug fashion.
The goblin hits you with a +0 dagger.
You die...

###.#≈≈≈#.#.#
#...##'##...#....
#.####....###...# #.#
###### #... #.# #..#
#.######### #..#
#.....[...# #..#
#########g###..######
#@gsgg...>...
#gh##.gg.###
#..##....# #..##..g.#
#.....#...g..
##.##....##g#
#.##.....) .
#.##....##. #.!......
.


You could see Robin, a jackal, a giant cockroach, 2 hobgoblins and 4 goblins.

Vanquished Creatures
  A worm (D:2)
  5 leopard geckos (D:1)
  5 bats (D:1)
  7 goblins
  5 hobgoblins
  4 jackals (D:2)
  A quokka (D:2)
  2 frilled lizards (D:1)
  3 kobolds
  7 rats
40 creatures vanquished.

Notes
Turn   | Place    | Note
-------+----------+-------------------------------------------
     0 | D:1      | Lanoc the Octopode Gladiator began the quest for the Orb.
     0 | D:1      | Reached XP level 1. HP: 14/14 MP: 1/1
    59 | D:1      | Reached XP level 2. HP: 14/19 MP: 2/2
   542 | D:1      | Reached XP level 3. HP: 25/25 MP: 3/3
  1003 | D:2      | Noticed Robin
  1020 | D:2      | Slain by a goblin

Levels and vault maps discovered:
D:1:      minmay_arrival_glassed_features, layout_loops_ring,
          minmay_misc_feat_columns, minmay_split_cup_small
D:2:      layout_loops_ring, first_ration, minmay_liquid_box, uniq_robin,
          uniq_terence, uniq_crazy_yiuf_cottage

Action                   || total
-------------------------++-------
Melee: Quarterstaff      ||    75
       Constrict         ||    21
       Tentacles         ||    15
  Use: Potion            ||     3
 Stab: Sleeping          ||     3
Armor: Skin              ||     8
Dodge: Dodged            ||    61

Table legend:
 A = Non-vault XP
 B = Vault XP
 C = Vault XP percentage of total XP
 D = Non-vault monster count
 E = Vault monster count
 F = Vault count percentage of total count
                 A         B        C        D         E       F
            +---------+---------+-------+---------+---------+-------
      Total |      66 |       9 |  12.0 |      35 |       5 |  12.5
            +---------+---------+-------+---------+---------+-------
        D:1 |      45 |       5 |  10.0 |      25 |       3 |  10.7
        D:2 |      21 |       4 |  16.0 |      10 |       2 |  16.7
            +---------+---------+-------+---------+---------+-------
